 Dungeon Crawl Stone Soup version 0.27.1 (webtiles) character file.

Game seed: 5971615262360966214

8875 ZARRMARR the Destroyer (level 11, -1/61 HPs)
             Began as an Octopode Conjurer on Sept 4, 2021.
             Was an Initiate of Sif Muna.
             Slain by a meliai (10 damage)
             ... on level 12 of the Dungeon.
             The game lasted 00:55:44 (17790 turns).

ZARRMARR the Destroyer (Octopode Conjurer)         Turns: 17790, Time: 00:55:45

Health: -1/61      AC:  1    Str:  6    XL:     11   Next: 37%
Magic:  10/25      EV: 13    Int: 23    God:    Sif Muna [......]
Gold:   589        SH:  0    Dex: 12    Spells: 23/30 levels left

rFire    . . .     SeeInvis .   y - +4 great sword
rCold    . . .     Faith    .   (shield currently unavailable)
rNeg     + + .     Spirit   .   (helmet restricted)
rPois    +         Reflect  .   (no amulet)
rElec    .         Harm     .   a - ring of willpower
rCorr    +         Rampage  .   k - ring of positive energy
Will     +....                  z - ring of Doubts {Drain rPois rN+ rCorr}
Stlth    +++.......             (no ring)
HPRegen  0.20/turn              (no ring)
MPRegen  0.19/turn              (no ring)
                                (no ring)
                                (no ring)

@: slowed, very slow
A: almost no armour, amphibious, 8 rings, camouflage 1, gelatinous body 1,
(nimble swimmer 1), tentacles
a: Renounce Religion


You were on level 12 of the Dungeon.
You worshipped Sif Muna.
Sif Muna was noncommittal.
You visited 2 branches of the dungeon, and saw 13 of its levels.

You collected 589 gold pieces.

Inventory:

Hand Weapons
 y - a +4 great sword (weapon)
Jewellery
 a - a ring of willpower (left tentacle)
 k - a ring of positive energy (right tentacle)
 z - the ring of Doubts (on tentacle) {Drain rPois rN+ rCorr}
   (You found it on level 9 of the Dungeon)

   [ring of positive energy]

   rPois:     It protects you from poison.
   rN:        It protects you from negative energy.
   rCorr:     It protects you from acid and corrosion.
   Drain:     It drains your maximum health when unequipped.
Wands
 n - a wand of digging (4)
 r - a wand of polymorph (8)
 x - a wand of iceblast (31)
Scrolls
 e - 3 scrolls of magic mapping
 i - 2 scrolls of amnesia
 j - a scroll of fog {unknown}
 l - 3 scrolls of enchant armour
 m - 2 scrolls of holy word
 p - a scroll of blinking {unknown}
 q - 3 scrolls of immolation
 t - a scroll of noise {unknown}
 u - a scroll of vulnerability {unknown}
 v - a scroll of enchant weapon {unknown}
 A - a scroll of silence {unknown}
 D - a scroll of teleportation
 E - a scroll of fear {unknown}
Potions
 b - 3 potions of degeneration {unknown}
 c - 2 potions of attraction
 d - 5 potions of curing
 f - a potion of lignification {unknown}
 g - a potion of heal wounds {unknown}
 h - a potion of ambrosia {unknown}
 o - a potion of flight
 s - a potion of mutation {unknown}
 w - a potion of cancellation {unknown}
 B - a potion of haste
 C - a potion of magic {unknown}


   Skills:
 - Level 2.0 Dodging
 - Level 2.6 Stealth
 + Level 10.3 Spellcasting
 + Level 11.6 Conjurations
 + Level 7.6 Translocations


You had 23 spell levels left.
You knew the following spells:

 Your Spells              Type           Power      Damage    Failure   Level
a - Magic Dart            Conj           100%       1d8       1%          1
b - Searing Ray           Conj           100%       3d7       1%          2
c - Iskenderun's Mystic   Conj/Tloc      54%        2d12      1%          4

Your spell library contained the following spells:

 Spells                   Type           Power      Damage    Failure   Level
 Static Discharge         Conj/Air       38%        N/A       1%          2
 Dazzling Flash           Conj/Hex       76%        N/A       1%          3
 Portal Projectile        Hex/Tloc       58%        N/A       3%          3
 Fulminant Prism          Conj/Hex       19%        3d11      4%          4
 Sticky Flame             Conj/Fire      38%        2d6       4%          4
 Slow                     Hex            11%        N/A       9%          2
 Sublimation of Blood     Necr           5%         N/A       9%          2
 Wereblood                Tmut           11%        N/A       9%          2
 Confusing Touch          Hex            11%        N/A       16%         3
 Ozocubu's Armour         Ice            11%        N/A       16%         3
 Cause Fear               Hex            5%         N/A       47%         4
 Dispel Undead            Necr           11%        3d9       47%         4
 Blade Hands              Tmut           5%         N/A       83%         5
 Excruciating Wounds      Necr           5%         N/A       83%         5
 Yara's Violent Unravell  Hex/Tmut       5%         3d4       83%         5
 Dragon Form              Tmut           5%         N/A       100%        7
 Ozocubu's Refrigeration  Ice            5%         4d6       100%        7
 Summon Hydra             Summ           5%         N/A       100%        7
 Dragon's Call            Summ           5%         N/A       100%        9


Dungeon Overview and Level Annotations

Branches:
Dungeon (12/15)            Temple (1/1) D:7            Lair (0/6) D:8
    Orc (0/2) D:10

Altars:
Ashenzari
Cheibriados
Dithmenos
Elyvilon
Fedhas
Gozag
Hepliaklqana
Kikubaaqudgha
Makhleb
Nemelex Xobeh
Okawaru
Qazlal
Ru
Sif Muna
Trog
Uskayaw
Vehumet
Wu Jian
Xom
Yredelemnul
Zin
The Shining One

Annotations:
D:10 2 transporters, onlghost's ghost, journeyman DDFi
D:11 Harold


Innate Abilities, Weirdness & Mutations

You cannot wear most types of armour.
You are amphibious.
You can wear up to eight rings at the same time.
Your skin changes colour to match your surroundings (Stealth+).
Your rubbery body absorbs attacks. (AC +1, EV +1)
((You are camouflaged near water. (Stealth+)))
You have tentacles for arms and can constrict up to eight enemies at once.


Message History

Confirm with . or Enter, or press ? or * to list all spells.
You erupt in a blast of force!
The mystic blast hits the meliai.
The meliai is lightly wounded.
The meliai is knocked back by the mystic blast.
The mystic blast hits the wraith!
The wraith is heavily damaged.
The wraith is knocked back by the mystic blast.
You hear an angry buzzing noise. x2
The meliai mumbles some strange prayers to its god against you.
Something smites you! The wraith barely misses you.
Casting: Iskenderun's Mystic Blast (dangerous; 1% risk of failure)
Confirm with . or Enter, or press ? or * to list all spells.
Aiming: Searing Ray (safe; 1% risk of failure)
Press: ? - help, Shift-Dir - straight line, f/p - wraith
Aim: a wraith (heavily damaged, 83% to hit)
The searing ray hits the wraith.
The wraith is severely damaged. (Press . to maintain the ray.)
The meliai hits you with a +0 hand axe. The meliai stings you.
* * * LOW HITPOINT WARNING * * *
The wraith closely misses you.
You riposte.
You hit the wraith but do no damage.
The wraith is severely damaged.
The meliai hits you with a +0 hand axe.
* * * LOW HITPOINT WARNING * * *
The meliai closely misses you.
Casting: Searing Ray (safe; 1% risk of failure)
Confirm with . or Enter, or press ? or * to list all spells.
You erupt in a blast of force!
The mystic blast hits the meliai!
The meliai is heavily wounded.
The meliai is knocked back by the mystic blast.
The mystic blast hits the wraith but does no damage.
The wraith is severely damaged.
You hear an angry buzzing noise. x2; You hear a shout!
The wraith hits you.
* * * LOW HITPOINT WARNING * * *
The wraith drains your vigour!
You feel as though you will be slow longer.
The meliai completely misses you. The meliai stings you!
You die...

..# #.# ..##... ##
y...... .. ##y#....
#. ## #......## #..#.
###..#.....
###...(####.........#
.........W)....#...##
####....y@..####.....
#.#####.......# # #
#.....###### #.##.##
# #.# ..# ###


You could see a wraith and a meliai.

Vanquished Creatures
  A two-headed ogre (D:12)
  An unseen horror (D:12)
  2 trolls
  A wyvern (D:9)
  18 yaks
  A wraith (D:11)
  Eustachio (D:4)
  A basilisk (D:11)
  A steam dragon (D:9)
  5 vampire mosquitoes
  2 water moccasins
  An orc warrior (D:10)
  An ice beast (D:5)
  A black bear (D:4)
  4 centaurs
  A necrophage (D:8)
  Blork the orc (D:4)
  A kobold brigand (D:7)
  2 gnoll sergeants
  4 bullfrogs
  A wyvern zombie (D:7)
  A scorpion (D:7)
  A water moccasin skeleton (D:4)
  8 killer bees (D:12)
  8 wights
  A howler monkey (D:5)
  2 bullfrog zombies
  3 centaur zombies
  2 gnoll shamans
  2 hounds
  3 orc priests
  2 jellies (D:6)
  8 orc wizards
  An iguana (D:6)
  3 howler monkey zombies
  11 adders
  2 howler monkey skeletons (D:6)
  18 gnolls
  2 white imps
  An ufetubus (D:5)
  An adder skeleton (D:4)
  2 worms
  23 orcs
  4 endoplasms
  7 giant cockroaches
  7 goblins
  7 hobgoblins
  2 quokkas
  4 ball pythons
  8 bats
  2 frilled lizards
  A jackal skeleton (D:4)
  7 kobolds
  5 rats
210 creatures vanquished.

Vanquished Creatures (others)
  4 plants (D:7)
4 creatures vanquished.

Grand Total: 214 creatures vanquished

Notes
Turn   | Place    | Note
-------+----------+-------------------------------------------
     0 | D:1      | ZARRMARR the Octopode Conjurer began the quest for the Orb.
     0 | D:1      | Reached XP level 1. HP: 11/11 MP: 3/3
   382 | D:1      | Reached XP level 2. HP: 9/17 MP: 1/5
  1214 | D:2      | Reached XP level 3. HP: 15/21 MP: 1/7
  1703 | D:2      | Reached XP level 4. HP: 27/27 MP: 3/8
  2266 | D:3      | Found a shadowy altar of Dithmenos.
  2376 | D:3      | Reached skill level 5 in Conjurations
  2759 | D:3      | Found an ornate altar of the Wu Jian Council.
  2771 | D:3      | Reached XP level 5. HP: 16/31 MP: 4/10
  2923 | D:3      | Learned a level 2 spell: Searing Ray
  3973 | D:4      | Noticed a black bear
  3973 | D:4      | Noticed Eustachio
  3979 | D:4      | Killed Eustachio
  3980 | D:4      | Reached skill level 6 in Conjurations
  3980 | D:4      | Reached XP level 6. HP: 36/36 MP: 2/12
  4381 | D:4      | Noticed Blork the orc
  4389 | D:4      | Killed Blork the orc
  4599 | D:4      | Killed a black bear
  4600 | D:4      | Reached skill level 5 in Spellcasting
  4600 | D:4      | Reached XP level 7. HP: 41/41 MP: 7/14
  4652 | D:4      | You fall into a shaft and drop 3 floors!
  4909 | D:6      | Reached skill level 7 in Conjurations
  5531 | D:5      | Entered Level 5 of the Dungeon
  5550 | D:5      | Found a basalt altar of Yredelemnul.
  5759 | D:4      | Reached XP level 8. HP: 46/46 MP: 7/17
  6042 | D:4      | Found a snail-covered altar of Cheibriados.
  6291 | D:5      | Noticed a yak
  7037 | D:6      | Reached skill level 8 in Conjurations
  8564 | D:7      | Reached XP level 9. HP: 51/51 MP: 16/20
  8697 | D:6      | Learned a level 4 spell: Iskenderun's Mystic Blast
  8765 | D:5      | Reached skill level 9 in Conjurations
  8862 | D:5      | Noticed a troll
  8987 | D:7      | Reached skill level 1 in Translocations
  9498 | D:7      | Found a staircase to the Ecumenical Temple.
  9516 | Temple   | Entered the Ecumenical Temple
  9745 | D:7      | Found a radiant altar of Vehumet.
 10441 | D:8      | Noticed a death yak
 10441 | D:8      | Noticed a death yak
 10442 | D:8      | Noticed a death yak
 11696 | D:9      | Found a hide-covered altar of Uskayaw.
 12152 | D:9      | Identified the ring of Doubts {Drain rPois rN+ rCorr}
 12195 | D:9      | Reached skill level 10 in Conjurations
 12204 | D:9      | Reached XP level 10. HP: 30/56 MP: 11/22
 12343 | D:9      | Noticed a purple ugly thing
 12938 | D:5      | Reached skill level 5 in Translocations
 13384 | D:5      | Found a basalt altar of Yredelemnul.
 14413 | D:8      | Found a sacrificial altar of Ru.
 14669 | D:8      | Noticed a death yak
 14972 | D:10     | Entered Level 10 of the Dungeon
 14972 | D:10     | Noticed a two-headed ogre
 14975 | D:10     | Noticed a two-headed ogre
 14987 | D:10     | Identified the +10 dire flail of Ruliorak {vorpal, Dex+3}
 14987 | D:10     | Noticed a two-headed ogre
 15027 | D:10     | Found a transporter.
 15263 | D:10     | Noticed onlghost's ghost (journeyman DDFi)
 15272 | D:10     | Found a transporter.
 15498 | D:11     | Reached skill level 11 in Conjurations
 15549 | D:11     | Noticed a two-headed ogre
 15722 | D:10     | Found a staircase to the Orcish Mines.
 15878 | D:10     | Found a bloodstained altar of Trog.
 15907 | D:10     | Reached XP level 11. HP: 61/61 MP: 17/24
 16069 | D:8      | Found an opulent altar of Gozag.
 16229 | D:8      | Found a staircase to the Lair.
 16281 | D:9      | Found a sparkling altar of Nemelex Xobeh.
 16825 | D:10     | Found a shimmering blue altar of Sif Muna.
 16838 | D:10     | Became a worshipper of Sif Muna the Loreminder
 16988 | D:10     | Noticed an ogre mage
 17034 | D:11     | Reached skill level 10 in Spellcasting
 17116 | D:11     | Noticed Harold
 17302 | D:11     | Noticed a two-headed ogre
 17603 | D:12     | Noticed a two-headed ogre
 17608 | D:12     | Killed a two-headed ogre
 17790 | D:12     | Slain by a meliai

Illustrated notes

Levels and vault maps discovered:
D:1:      elethiomel_arrival_infinity_welcomes_careful_drivers,
          layout_loops_cross
D:2:      layout_loops_ring, minmay_curled_crystal, nrook_uturn
D:3:      layout_basic, grunt_dithmenos_smoke_and_mirrors,
          mainiacjoe_overflow_24_doors, minmay_misc_feat_ornament,
          minmay_crystal_water
D:4:      layout_basic, lemuel_coloured_pillars_altar, uniq_blork_the_orc,
          uniq_eustachio
D:5:      layout_basic, yredelemnul_altar_generic, minmay_misc_feat_rugged
D:6:      layout_basic, dk_rats_in_the_wall
D:7:      layout_cave_pools, mainiacjoe_overflow_tiny_flanked,
          minmay_temple_entry_overgrown, serial_bayou_pond_d,
          grunt_ministairs_11
D:8:      layout_layer_cave, marbit_many_paths, nicolae_ru_sacrificial_ziggurat,
          dpeg_lair_monsters
D:9:      layout_irregular_city, nemelex_xobeh_ov_fountains_minmay,
          mainiacjoe_overflow_paths, minmay_evil_grid
D:10:     layout_basic, tgw_sif, mainiacjoe_overflow_catwalk,
          gammafunk_ghost_smash
D:11:     layout_roguey, uniq_harold
D:12:     nooodl_glass_maze, layout_loops_cross, maelrawn_ghost_gauntlet_escape,
          minivault_7
Temple:   grunt_temple_mini_profane

Skill      XL: |  1  2  3  4  5  6  7  8  9 10 11 |
---------------+----------------------------------+-----
Spellcasting   | 3 4 5 6 7 8 9 10 | 10.3
Conjurations   | 5 6 7 8 10 11 | 11.6
Translocations | 4 6 7 |  7.6
Dodging        | |  2.0
Stealth        | |  2.6

Action                   |  1- 3 |  4- 6 |  7- 9 | 10-12 || total
-------------------------+-------+-------+-------+-------++-------
Melee: Unarmed           |    18 |    13 |    11 |       ||    42
       Constrict         |     6 |     2 |     3 |     1 ||    12
       Tentacles         |     3 |     1 |     4 |       ||     8
       Great sword       |       |       |     1 |       ||     1
 Cast: Magic Dart        |    46 |    68 |   105 |    35 ||   254
       Searing Ray       |       |    23 |   151 |    52 ||   226
       Iskenderun's Myst |       |       |    10 |    26 ||    36
  Use: Scroll            |     2 |     2 |     1 |     4 ||     9
       Potion            |       |       |     6 |       ||     6
Armor: Skin              |     1 |       |     1 |     1 ||     3
Dodge: Dodged            |    12 |    12 |    47 |    34 ||   105
       Rpst.: Great sword |       |       |     3 |     9 ||    12
